 Dungeon Crawl Stone Soup version 0.22-a0-377-g846bec1 (webtiles) character file.

973 puppykicker the Shooter (level 7, -3/57 HPs)
             Began as a Minotaur Arcane Marksman on Apr 27, 2018.
             Slain by a killer bee (8 damage)
             ... on level 5 of the Dungeon.
             The game lasted 00:20:24 (6442 turns).

puppykicker the Shooter (Minotaur Arcane Marksman)  Turns: 6442, Time: 00:20:25

Health: -3/57      AC:  4    Str: 15    XL:     7   Next: 94%
Magic:  9/9        EV: 12    Int: 12    God:
Gold:   201        SH:  0    Dex: 10    Spells: 1/11 levels left

rFire    + . .     SeeInvis .   a - +6 whip (elec)
rCold    + . .     Gourm    .   (no shield)
rNeg     . . .     Faith    .   r - +2 animal skin
rPois    +         Spirit   .   (helmet restricted)
rElec    +         Reflect  .   (no cloak)
rCorr    +         Harm     .   (no gloves)
MR       .....                  (no boots)
Stlth    +.........             (no amulet)
HPRegen  0.19/turn              (no ring)
MPRegen  0.11/turn              (no ring)

@: lethally poisoned (-3 -> -8), about to teleport, resistant
A: retaliatory headbutt, horns 2
a: no special abilities


You were on level 5 of the Dungeon.
You were not hungry.

You visited 1 branch of the dungeon, and saw 5 of its levels.

You collected 201 gold pieces.


Innate Abilities, Weirdness & Mutations

You reflexively headbutt those who attack you in melee.
You have a pair of horns on your head.


   Skills:
 + Level 3.6 Fighting
 * Level 6.2 Bows
 + Level 3.1 Armour
 - Level 2.1 Dodging
 + Level 2.6 Spellcasting
 * Level 3.2 Hexes
 + Level 1.9 Translocations


You had one spell level left.
You knew the following spells:

 Your Spells              Type           Power        Failure   Level  Hunger
a - Corona                Hex            #......      7%          1    #......
b - Slow                  Hex            #.......     11%         2    ###....
e - Cause Fear            Hex            #.........   56%         4    #####..
f - Portal Projectile     Hex/Tloc       #.....       26%         3    ###....

Inventory:

Hand Weapons
 a - a +6 whip of electrocution (weapon)
 b - a +0 shortbow
 c - a +6 blowgun
Missiles
 d - 102 arrows
 e - 41 poisoned needles
 q - 2 tomahawks (quivered)
Armour
 r - a +2 animal skin (worn)
Scrolls
 i - a scroll of immolation {!r}
 j - 3 scrolls of magic mapping
 k - a scroll of teleportation
 m - a scroll of enchant armour
 t - a scroll of fog {unknown}
Potions
 g - a potion of cancellation
 h - a potion of might
 s - 2 potions of brilliance
Comestibles
 f - 7 rations

Dungeon Overview and Level Annotations

Branches:
Dungeon (5/15)
 Temple: D:4-7

Altars:
Gozag
Okawaru
Qazlal
Uskayaw

Annotations:
D:2 dig, Terence

§§§≈.# #. ≈≈§≈≈≈##
#§§§.#### ≈≈≈≈≈≈≈§≈##
≈≈...# ≈§≈≈≈≈≈≈≈≈##
....### §≈≈≈§§≈≈≈≈≈##
#..<... §≈§§≈§≈≈≈≈≈≈#
#.##.## §§§§§≈§§≈§§§#
##..#.##
§§.§≈≈≈≈§§≈§######.....##
≈%§....y@.§.'.##...##....
≈§.....Z§...'.##.###.....
≈≈..≈§≈≈≈§≈≈#..........##
§≈≈≈≈≈§§§≈§≈#.#.#####.###
≈≈≈≈≈≈§§§≈≈≈###.# ###
≈≈≈≈≈§≈≈§§≈## #.#
≈§≈≈≈≈§≈≈≈## #.#
≈≈≈≈§≈≈§≈## ... §≈§≈≈≈≈##
...


You could see a killer bee and a hound skeleton.


Message History

You are poisoned.
The killer bee poisons you! The hound skeleton barely misses you.
You closely miss the killer bee.
You feel sick.
The killer bee stings you but does no damage.
The hound skeleton bites you.
* * * LOW HITPOINT WARNING * * *
The killer bee stings you!
* * * LOW HITPOINT WARNING * * *
Unknown command.
Okay, then.
As you read the scroll labeled ROSEZU WEICEI, it crumbles to dust.
You feel strangely unstable.
It was a scroll of teleportation.
The killer bee closely misses you. You furiously retaliate!
You headbutt the killer bee. The hound skeleton closely misses you.
The killer bee stings you.
* * * LOW HITPOINT WARNING * * *
You are more poisoned.
The killer bee poisons you!
You feel sick. The killer bee stings you.
* * * LOW HITPOINT WARNING * * *
The hound skeleton bites you.
* * * LOW HITPOINT WARNING * * *
Unknown command.
You feel protected.
* * * LOW HITPOINT WARNING * * *
You feel sick.
The killer bee stings you but does no damage.
The hound skeleton bites you but does no damage.
The killer bee stings you!
You die...

Action                   |  1- 3 |  4- 6 |  7- 9 || total
-------------------------+-------+-------+-------++-------
Melee: Mace              |   121 |    85 |       ||   206
       Dagger            |     8 |       |       ||     8
       Headbutt          |    37 |    15 |     7 ||    59
       Whip              |       |    80 |    48 ||   128
 Fire: Shortbow          |     9 |    14 |     7 ||    30
 Cast: Slow              |       |       |     1 ||     1
       Corona            |       |       |     1 ||     1
  Use: Scroll            |     5 |     4 |     2 ||    11
       Potion            |       |     2 |     1 ||     3
  Eat: Chunk             |       |    10 |     4 ||    14
       Ration            |       |     1 |       ||     1
Armor: Leather armour    |    18 |    32 |       ||    50
       Skin              |       |     8 |       ||     8
       Animal skin       |       |    11 |    17 ||    28
Dodge: Dodged            |    44 |   142 |    33 ||   219

Vault maps used:
D:1:      ldierk_walled_garden, lexackson_kobold_supper
D:2:      nicolae_qazlal_style_of_elements, okawaru_gym_becter,
          minmay_surrounded, uniq_robin, uniq_terence, uniq_natasha
D:3:      marbit_many_paths, lemuel_coloured_pillars_altar, serial_park_tiny_1,
          minmay_misc_feat_cross, serial_park_tiny_pond
D:4:      first_ration
D:5:      kennysheep_big_flooded_room, minmay_temple_entry_fiery

Notes
Turn   | Place    | Note
-------+----------+-------------------------------------------
     0 | D:1      | puppykicker the Minotaur Arcane Marksman began the quest for the Orb.
     0 | D:1      | Reached XP level 1. HP: 16/16 MP: 1/1
   216 | D:1      | Reached XP level 2. HP: 21/23 MP: 2/2
   227 | D:1      | Learned a level 2 spell: Slow
   371 | D:1      | Reached skill level 3 in Bows
   791 | D:2      | Noticed Terence
   791 | D:2      | Noticed Natasha
   799 | D:1      | Killed Natasha
   799 | D:1      | Reached XP level 3. HP: 19/28 MP: 2/4
  1006 | D:1      | Noticed Natasha
  1012 | D:1      | Killed Natasha
  1012 | D:1      | Reached XP level 4. HP: 31/35 MP: 5/5
  1239 | D:1      | Noticed Natasha
  1253 | D:1      | Killed Natasha
  1253 | D:1      | Reached skill level 4 in Bows
  1504 | D:1      | HP: 5/52 [poisoned by Terence]
  1511 | D:1      | HP: 4/52 [poisoned by Terence]
  2062 | D:2      | Found an iron altar of Okawaru.
  2194 | D:2      | Learned a level 3 spell: Portal Projectile
  2690 | D:2      | Reached XP level 5. HP: 37/40 MP: 6/6
  2778 | D:2      | Found a stormy altar of Qazlal.
  2779 | D:2      | Noticed an air elemental
  2780 | D:2      | Noticed a fire elemental
  2781 | D:2      | Noticed a water elemental
  3081 | D:2      | Noticed Robin
  3103 | D:2      | Killed Robin
  3372 | D:3      | Noticed RiyuG's ghost (amateur DsNe)
  3380 | D:3      | Killed RiyuG's ghost
  3380 | D:3      | Reached skill level 2 in Fighting
  3380 | D:3      | Reached skill level 1 in Armour
  3380 | D:3      | Reached skill level 2 in Spellcasting
  3380 | D:3      | Reached XP level 6. HP: 30/48 MP: 6/8
  3935 | D:3      | Found an opulent altar of Gozag.
  3995 | D:3      | Found a hide-covered altar of Uskayaw.
  4072 | D:4      | Noticed 0x5F3759DF's ghost (amateur DENe)
  4074 | D:4      | Reached skill level 5 in Bows
  4175 | D:3      | Reached skill level 1 in Translocations
  4381 | D:4      | Identified a potion of resistance
  4733 | D:3      | Reached skill level 2 in Armour
  5071 | D:4      | Reached XP level 7. HP: 53/56 MP: 9/9
  5102 | D:4      | Reached skill level 3 in Hexes
  5126 | D:4      | Reached skill level 3 in Fighting
  5794 | D:4      | Killed 0x5F3759DF's ghost
  6115 | D:5      | Entered Level 5 of the Dungeon
  6161 | D:5      | Reached skill level 6 in Bows
  6272 | D:5      | Reached skill level 3 in Armour
  6380 | D:5      | Learned a level 4 spell: Cause Fear
  6441 | D:5      | HP: 5/57 [hound skeleton (2)]
  6442 | D:5      | Slain by a killer bee

Vanquished Creatures
  The ghost of RiyuG the Grave Robber, an amateur DsNe of Makhleb (D:3)
  The ghost of 0x5F3759DF the Grave Robber, an amateur DENe of Sif Muna (D:4)
  An ogre (D:5)
  A howler monkey (D:4)
  3 hounds
  A bullfrog skeleton (D:4)
  2 orc priests
  Natasha (thrice) (D:1)
  3 worker ants
  3 orc wizards (D:4)
  A hound zombie (D:5)
  Robin (D:2)
  4 gnolls
  2 adders
  An adder zombie (D:5)
  4 worms
  2 dart slugs (D:1)
  7 leopard geckos
  5 orcs
  3 ball pythons
  7 bats
  3 giant cockroaches
  9 hobgoblins
  6 jackals
  3 quokkas
  3 frilled lizards
  18 goblins
  16 kobolds
  10 rats
  A bush (D:1)
125 creatures vanquished.

Vanquished Creatures (others)
  5 toadstools (D:1)
5 creatures vanquished.

Grand Total: 130 creatures vanquished
